 Dungeon Crawl Stone Soup version 0.20.1-1-g8b1a95d (webtiles) character file.

60 slep the Skirmisher (level 3, -1/33 HPs)
             Began as a Minotaur Abyssal Knight on Oct 29, 2017.
             Was a Follower of Lugonu.
             Slain by an adder (3 damage)
             ... on level 2 of the Dungeon.
             The game lasted 00:06:20 (1020 turns).

slep the Skirmisher (Minotaur Abyssal Knight)       Turns: 1020, Time: 00:06:20

Health: -1/33      AC:  3    Str: 14 (16) XL:     3   Next: 82%
Magic:  3/3        EV: 11    Int:  7 (9)  God:    Lugonu [*.....]
Gold:   98         SH:  0    Dex:  9 (10) Spells: 2/2 levels left

rFire    . . .     SeeInvis .   a - +1 falchion
rCold    . . .     Gourm    .   (no shield)
rNeg     . . .     Faith    .   b - +0 leather armour
rPois    .         Spirit   .   (helmet restricted)
rElec    .         Reflect  .   (no cloak)
rCorr    +         Harm     .   (no gloves)
MR       .....                  (no boots)
Stlth    +.........             (no amulet)
Regen    0.2/turn               p - ring of resist corrosion
MPRegen  0.1/turn               (no ring)

@: no status effects
A: retaliatory headbutt, horns 2
a: Depart the Abyss, Renounce Religion


You were on level 2 of the Dungeon.
You worshipped Lugonu.
Lugonu was aware of your devotion.
You were hungry.

You visited 1 branch of the dungeon, and saw 2 of its levels.
You visited the Abyss 1 time.

You collected 98 gold pieces.

Inventory:

Hand Weapons
 a - a +1 falchion (weapon)
Missiles
 g - 32 sling bullets
Armour
 b - a +0 leather armour (worn)
Jewellery
 p - a ring of resist corrosion (left hand)
Scrolls
 f - a scroll of immolation {unknown}
 i - a scroll of fog {unknown}
 j - a scroll of amnesia {unknown}
 k - 2 scrolls of recharging {unknown}
 l - a scroll of noise {unknown}
 n - 2 scrolls of teleportation {unknown}
 q - a scroll of identify {unknown}
Potions
 d - 2 potions of lignification
 e - a potion of heal wounds {unknown}
 h - a potion of flight {unknown}
Comestibles
 c - 2 bread rations
 m - a meat ration
 o - 10 chunks of flesh
 r - 4 fruits


   Skills:
 + Level 4.3 Fighting
 + Level 3.9 Long Blades
 + Level 2.7 Armour
 + Level 1.4 Dodging
 + Level 0.1 Stealth
 + Level 2.0 Invocations


You had 2 spell levels left.
You didn't know any spells.

Dungeon Overview and Level Annotations

Branches:
Dungeon (2/15)

Altars:


Innate Abilities, Weirdness & Mutations

You reflexively headbutt those who attack you in melee.
You have a pair of horns on your head.


Message History

The rat is moderately wounded.
The rat bites you.
* * * LOW HITPOINT WARNING * * *
You closely miss the rat.
The rat is moderately wounded.
The rat barely misses you. You furiously retaliate!
You headbutt the rat, but do no damage. You closely miss the rat.
You headbutt the rat.
You kill the rat!
Lugonu accepts your kill. The adder bites you but does no damage.
You hit the adder.
The adder is moderately wounded.
The adder bites you but does no damage.
You hit the adder.
The adder is severely wounded.
The adder bites you.
* * * LOW HITPOINT WARNING * * *
The adder bites you.
You die...

#............####
###..........##..
#..........##..
#..........##..
#..........##..
#..........##..
#..........##..
####..........####
#@...##########
#S#### #........
####### #........
#...... #........
#...(.. #....$...
#...... #....?...
#...... .........
#...... .........
###....


You could see an adder.

Vanquished Creatures
  An adder (D:2)
  An ooze (D:1)
  4 worms (D:2)
  A dart slug (D:2)
  A leopard gecko (D:1)
  2 ball pythons
  2 giant cockroaches (D:1)
  5 goblins
  2 hobgoblins
  3 bats
  A frilled lizard (D:1)
  4 kobolds
  9 rats
36 creatures vanquished.

Notes
Turn   | Place    | Note
-------+----------+-------------------------------------------
     0 | Abyss:1  | slep the Minotaur Abyssal Knight began the quest for the Orb.
     0 | Abyss:1  | Reached XP level 1. HP: 19/19 MP: 1/1
    44 | Abyss:1  | Noticed a raiju
    95 | Abyss:1  | Noticed a hellwing
   105 | Abyss:1  | Noticed an Executioner
   108 | Abyss:1  | Noticed a large abomination
   109 | Abyss:1  | Noticed a small abomination
   109 | Abyss:1  | Noticed a thrashing horror
   110 | D:1      | Escaped the Abyss
   138 | D:1      | Reached skill level 4 in Fighting
   138 | D:1      | Reached XP level 2. HP: 27/27 MP: 2/2
   331 | D:1      | Reached * piety under Lugonu
   760 | D:2      | Reached XP level 3. HP: 31/33 MP: 3/3
   951 | D:2      | HP: 1/33 [dart slug/slug dart (5)]
  1020 | D:2      | Slain by an adder

Skill      XL: |  1  2 |
---------------+-------+-----
Fighting       | 4 |  4.3
Invocations    | 2 |  2.0
Long Blades    | 3 |  3.9
Armour         | |  2.7
Dodging        | |  1.4
Stealth        | |  0.1

Action                   || total
-------------------------++-------
Melee: Falchion          ||    99
       Headbutt          ||    11
Invok: Depart the Abyss  ||     1
  Use: Potion            ||     3
Armor: Leather armour    ||    23
       Skin              ||     4
Dodge: Dodged            ||    64
       Rpst.: Falchion   ||    16
